 Dungeon Crawl Stone Soup version 0.29-a0-757-g358383bc75 (webtiles) character file.

Game seed: 1921536024677665230

186 buhh the Trooper (level 5, 0/39 HPs)
             Began as an Octopode Transmuter on July 1, 2022.
             Succumbed to a scorpion's poison
             ... on level 5 of the Dungeon.
             The game lasted 00:06:16 (3340 turns).

buhh the Trooper (Octopode Transmuter)              Turns: 3340, Time: 00:06:16

Health: 0/39       AC:  1    Str:  8    XL:     5   Next: 65%
Magic:  8/8        EV: 13    Int: 21    God:
Gold:   55         SH:  0    Dex: 12    Spells: 7/8 levels left

rFire   . . .      SeeInvis .     - Unarmed
rCold   . . .      Faith    .   (no shield)
rNeg    . . .      Spirit   .   (helmet restricted)
rPois   .          Reflect  .   (no amulet)
rElec   .          Harm     .   (no ring)
rCorr   .          Rampage  .   (no ring)
Will    .....                   (no ring)
Stlth   +++.......              (no ring)
HPRegen 0.13/turn               (no ring)
MPRegen 0.11/turn               (no ring)
                                (no ring)
                                (no ring)

@: lethally poisoned (0 -> 0)
A: almost no armour, amphibious, 8 rings, camouflage 1, gelatinous body 1,
(nimble swimmer 1), tentacles, clever 1, screaming 1
a: no special abilities


You were on level 5 of the Dungeon.
You visited 2 branches of the dungeon, and saw 5 of its levels.

You collected 55 gold pieces.

Inventory:

Missiles
 c - 5 poisoned darts
Scrolls
 a - a scroll of noise
 b - a scroll of fog {unknown}
 F - a scroll of enchant weapon
 X - 2 scrolls of amnesia
Potions
 K - a potion of brilliance {!q!d}


   Skills:
 + Level 5.1 Fighting
 - Level 2.0 Dodging
 - Level 2.0 Stealth
 - Level 3.0 Unarmed Combat
 - Level 2.0 Spellcasting
 - Level 2.0 Transmutations


You had 7 spell levels left.
You knew the following spells:

 Your Spells              Type           Power      Damage    Failure   Level
a - Beastly Appendage     Tmut           20%        N/A       6%          1

Your spell library contained the following spells:

 Spells                   Type           Power      Damage    Failure   Level
 Wereblood                Tmut           10%        N/A       10%         2
 Spider Form              Tmut/Pois      6%         N/A       28%         3
 Confusing Touch          Hex            2%         N/A       41%         3
 Ice Form                 Ice/Tmut       6%         N/A       67%         4
 Yara's Violent Unravell  Hex/Tmut       3%         3d4       95%         5
 Enfeeble                 Hex            1%         N/A       100%        7


Dungeon Overview and Level Annotations

Branches:
Dungeon (5/15) Zot: 20736  Temple (1/1) D:5 Zot: 5948

Altars:
Elyvilon
Fedhas
Kikubaaqudgha
Makhleb
Nemelex Xobeh
Ru
Uskayaw
Vehumet
Xom
The Shining One


Innate Abilities, Weirdness & Mutations

You cannot wear most types of armour.
You are amphibious.
You can wear up to eight rings at the same time.
Your skin changes colour to match your surroundings (Stealth+).
Your rubbery body absorbs attacks. (AC +1, EV +1)
((You are camouflaged when in or above water. (Stealth+)))
You have tentacles for arms and can constrict up to eight enemies at once.
Your mind is acute. (Int +4, Str/Dex -1)
You occasionally shout uncontrollably at your foes.


Message History

Really quaff the potion of mutation?
You feel extremely strange.
You feel clumsy.
You feel agile.
One of your lower tentacles grows a sharp spike.
* * * LOW HITPOINT WARNING * * *
You feel sick.
Really quaff the potion of mutation?
You feel extremely strange.
You feel clumsy.
Your tentacle spike disappears.
A pair of antennae grows on your head!
You feel a little pissed off.
One of your lower tentacles grows a sharp spike.
* * * LOW HITPOINT WARNING * * *
You feel sick.
There is a lethal amount of poison in your body!
Sorry, you're not good enough to have a special ability.
Really quaff the potion of mutation?
You feel extremely strange.
You feel a little more calm.
Your tentacle spike disappears.
The antennae on your head shrink away.
You feel genetically stable.
Iridescent scales grow over part of your body.
* * * LOW HITPOINT WARNING * * *
You feel sick.
Really quaff the potion of mutation?
You feel extremely strange.
Your iridescent scales disappear.
You feel genetically unstable.
You feel the urge to shout.
You feel clever.
* * * LOW HITPOINT WARNING * * *
You feel sick.
There is a lethal amount of poison in your body!
There is a lethal amount of poison in your body!
There is a lethal amount of poison in your body!
There is a lethal amount of poison in your body!
* * * LOW HITPOINT WARNING * * *
You feel sick.
You see here a scorpion corpse.
* * * LOW HITPOINT WARNING * * *
You feel sick.
* * * LOW HITPOINT WARNING * * *
You feel sick.
You die...

#.#.....>..........#
#.#.##.#####.#####.##
#.#.##.# #.#.......
#......# #.#.###.#.
####.#### #.#.###.#.
##....# ..#.##..#.
##.....## #.##.##[
#.......# #.##.##.
#......@# #.......
#.#...#.# #.#..#.#
#.##..#.# #.#..#.# #
##.#†# #.#....#
#.###.#.# #.#.##.#
#.......# #.#.##.#
#####.### #.......
#.# ### ########l#
#.# ##.###........#


There were no monsters in sight!

Vanquished Creatures
  A scorpion (D:5)
  An iguana (D:5)
  4 adders
  A white imp (D:3)
  2 worms (D:2)
  An orc (D:3)
  6 ball pythons
  3 bats
  5 endoplasms
  3 giant cockroaches (D:1)
  4 goblins
  4 hobgoblins
  4 jackals (D:3)
  A quokka (D:1)
  5 frilled lizards
  3 kobolds
  8 rats
56 creatures vanquished.

Notes
Turn   | Place    | Note
-------+----------+-------------------------------------------
     0 | D:1      | buhh the Octopode Transmuter began the quest for the Orb.
     0 | D:1      | Reached XP level 1. HP: 13/13 MP: 3/3
   220 | D:1      | Reached XP level 2. HP: 13/18 MP: 3/5
   653 | D:1      | Reached skill level 2 in Fighting
  1181 | D:1      | Reached XP level 3. HP: 25/25 MP: 4/6
  1732 | D:2      | Gained mutation: You are agile. (Dex +4, Str/Int -1)
                  | [potion of mutation]
  1902 | D:2      | Reached skill level 3 in Fighting
  2254 | D:3      | Reached XP level 4. HP: 31/31 MP: 4/7
  2819 | D:3      | Reached skill level 4 in Fighting
  2832 | D:3      | You fall into a shaft and drop 2 floors!
  2832 | D:5      | Entered Level 5 of the Dungeon
  2909 | D:5      | Noticed a scorpion
  2927 | D:5      | Found a staircase to the Ecumenical Temple.
  2931 | D:5      | Noticed a scorpion
  2935 | Temple   | Entered the Ecumenical Temple
  3225 | D:5      | Reached XP level 5. HP: 28/38 MP: 6/8
  3332 | D:5      | Reached skill level 5 in Fighting
  3333 | D:5      | Lost mutation: You are agile. (Dex +4, Str/Int -1) [potion
                  | of mutation]
  3333 | D:5      | Gained mutation: You are agile. (Dex +4, Str/Int -1)
                  | [potion of mutation]
  3333 | D:5      | Gained mutation: One of your tentacles bears a spike.
                  | [potion of mutation]
  3334 | D:5      | Lost mutation: You are agile. (Dex +4, Str/Int -1) [potion
                  | of mutation]
  3334 | D:5      | Lost mutation: One of your tentacles bears a spike. [potion
                  | of mutation]
  3334 | D:5      | Gained mutation: You have a pair of small antennae on your
                  | head. [potion of mutation]
  3334 | D:5      | Gained mutation: You sometimes lose your temper in combat.
                  | [potion of mutation]
  3334 | D:5      | Gained mutation: One of your tentacles bears a spike.
                  | [potion of mutation]
  3335 | D:5      | Lost mutation: You sometimes lose your temper in combat.
                  | [potion of mutation]
  3335 | D:5      | Lost mutation: One of your tentacles bears a spike. [potion
                  | of mutation]
  3335 | D:5      | Lost mutation: You have a pair of small antennae on your
                  | head. [potion of mutation]
  3335 | D:5      | Gained mutation: You are somewhat resistant to further
                  | mutation. [potion of mutation]
  3335 | D:5      | Gained mutation: You are partially covered in iridescent
                  | scales. (AC +2) [potion of mutation]
  3336 | D:5      | Lost mutation: You are partially covered in iridescent
                  | scales. (AC +2) [potion of mutation]
  3336 | D:5      | Lost mutation: You are somewhat resistant to further
                  | mutation. [potion of mutation]
  3336 | D:5      | Gained mutation: You occasionally shout uncontrollably at
                  | your foes. [potion of mutation]
  3336 | D:5      | Gained mutation: Your mind is acute. (Int +4, Str/Dex -1)
                  | [potion of mutation]
  3339 | D:5      | HP: 1/39 [poisoned by a scorpion]
  3340 | D:5      | Succumbed to a scorpion's poison

Illustrated notes

Levels and vault maps discovered:
D:1:      dpeg_arrival_short_road, layout_basic
D:2:      layout_rooms, lemuel_another_geyser
D:3:      layout_basic
D:5:      layout_loops_cross, minmay_temple_entry_sparse_star,
          pf_guarded_unrand_meek
Temple:   eino_wide_crystal_templ

Skill      XL: |  1  2  3  4  5 |
---------------+----------------+-----
Stealth        | 1 2 |  2.0
Fighting       | 2 3 4 5 |  5.1
Dodging        | |  2.0
Unarmed Combat | |  3.0
Spellcasting   | |  2.0
Transmutations | |  2.0

Action                   |  1- 3 |  4- 6 || total
-------------------------+-------+-------++-------
Melee: Unarmed           |    78 |    44 ||   122
       Kick              |    24 |    19 ||    43
       Tentacles         |    13 |     9 ||    22
       Constrict         |    19 |    12 ||    31
       Punch             |     1 |     1 ||     2
 Cast: Beastly Appendage |    31 |     9 ||    40
  Use: Scroll            |    10 |     2 ||    12
       Potion            |     2 |     8 ||    10
 Stab: Sleeping          |    16 |     4 ||    20
Armor: Skin              |    13 |     1 ||    14
Dodge: Dodged            |    30 |    25 ||    55

Table legend: (Time is in decaauts)
 A = Elapsed time spent in this place.
 B = Non-inter-level travel time spent in this place.
 C = Inter-level travel time spent in this place.
 D = Time resting spent in this place.
 E = Time spent auto-exploring this place.
 F = Levels seen in this place.
 G = Mean time per level.
                   A        B        C        D        E       F      G
               +--------+--------+--------+--------+--------+-----+--------+
         Total |   3315 |   3236 |     79 |    323 |   2268 |   5 |  663.0 |
       Dungeon |   3263 |   3193 |     70 |    323 |   2233 |   4 |  815.8 |
        Temple |     51 |     42 |      9 |      0 |     35 |   1 |   51.0 |
               +--------+--------+--------+--------+--------+-----+--------+

Top non-repeatable levels by time:
     D:1: 1490 daAuts
     D:2: 771 daAuts
     D:3: 564 daAuts
     D:5: 437 daAuts
  Temple: 51 daAuts
